 Dungeon Crawl Stone Soup version 0.26-a0-1181-gd376ed14c5 (webtiles) character file.

Game seed: 15742509132969161359

102 lessens the Shooter (level 4, -2/32 HPs)
             Began as a Mummy Arcane Marksman on Dec 26, 2020.
             Slain by an orc
             ... wielding a +0 short sword
              (8 damage)
             ... on level 3 of the Dungeon.
             The game lasted 00:07:31 (3845 turns).

lessens the Shooter (Mummy Arcane Marksman)         Turns: 3845, Time: 00:07:32

Health: -2/32      AC:  3    Str: 14    XL:     4   Next: 49%
Magic:  6/6        EV: 12    Int: 12    God:
Gold:   53         SH:  0    Dex: 12    Spells: 2/5 levels left

rFire    x . .     SeeInvis +   a - +0 shortbow
rCold    + . .     Faith    .   (shield currently unavailable)
rNeg     + + +     Spirit   .   e - +0 robe
rPois    ∞         Reflect  .   (no helmet)
rElec    .         Harm     .   c - +0 cloak (curse)
rCorr    .         Rampage  .   (no gloves)
Will     .....                  (no boots)
Stlth    +.........             (no amulet)
HPRegen  0.10/turn              i - ring of see invisible
MPRegen  0.10/turn              (no ring)

@: no status effects
A: no potions, fire vulnerability, cold resistance 1, negative energy resistance
3, torment resistance, unbreathing
a: no special abilities


You were on level 3 of the Dungeon.
You visited 1 branch of the dungeon, and saw 3 of its levels.

You collected 53 gold pieces.

Inventory:

Hand Weapons
 a - a +0 shortbow (weapon)
 b - a +0 dagger
Missiles
 d - 11 arrows (quivered ammo)
 g - 19 stones
 h - 19 poisoned darts
Armour
 c - a cursed +0 cloak (worn)
 e - a +0 robe (worn)
 p - a cursed +0 scale mail
Jewellery
 i - a ring of see invisible (left hand)
Scrolls
 f - 4 scrolls of remove curse {unknown}
 j - 3 scrolls of magic mapping {unknown}
 k - a scroll of random uselessness {unknown}
 l - 2 scrolls of teleportation {unknown}
 m - a scroll of identify {unknown}
 n - a scroll of fear {unknown}
 o - a scroll of enchant weapon {unknown}
 q - a scroll of enchant armour {unknown}


   Skills:
 - Level 1.0 Fighting
 + Level 4.0 Bows
 - Level 1.5 Dodging
 - Level 1.3 Spellcasting
 - Level 2.6 Hexes


You had 2 spell levels left.
You knew the following spells:

 Your Spells              Type           Power        Failure   Level
a - Corona                Hex            7%           10%         1
b - Slow                  Hex            7%           14%         2

Your spell library contained the following spells:

 Spells                   Type           Power        Failure   Level
 Inner Flame              Hex/Fire       4%           45%         3
 Portal Projectile        Hex/Tloc       8%           45%         3
 Cause Fear               Hex            3%           67%         4
 Leda's Liquefaction      Hex/Erth       2%           86%         4


Dungeon Overview and Level Annotations

Branches:
Dungeon (3/15)

Altars:
The Shining One


Innate Abilities, Weirdness & Mutations

You do not drink.
Your flesh is vulnerable to fire.
You are immune to poison.
Your flesh is cold resistant. (rC+)
You are immune to negative energy. (rN+++)
You are immune to unholy pain and torment.
You can survive without breathing.


Message History

a - a +0 shortbow (weapon)
You shoot an arrow. The arrow barely misses the orc. x3
The orc hits you with a +0 short sword.
You shoot an arrow. The arrow closely misses the orc.
The arrow hits the orc!
You kill the orc!
The orc barely misses you.
Your Bows skill increases to level 4!
You shoot an arrow. The arrow hits the orc.
The orc is moderately wounded.
The orc hits you with a +0 short sword. x2
* * * LOW HITPOINT WARNING * * *
You are too injured to fight recklessly!
Fire: 12 arrows
Press: ? - help, Q - select action, (/) - cycle Shift-Dir - straight line, f/p - orc
Aim: an orc, wielding a +0 short sword and wearing a +0 chain mail (moderately wounded)
You shoot an arrow.
The arrow hits the orc but does no damage.
The orc is moderately wounded.
The orc hits you with a +0 short sword!
You die...

......#
#....o#.#.#####.........#
##.####
#.....o<#...............# .#
####....##########.........#
.......)...(.....).........#
####....###.......).......!#
#....# #.#####....[.....#
###### #o#.......#.######
#o#.###.###.# #@#.....# #.#
#.#########.######
#.................
###########.###### #.# #.#
#.# #.# #.#


You could see 2 orcs.

Vanquished Creatures
  A hound zombie (D:3)
  4 adders
  An ooze (D:3)
  3 worms
  A dart slug (D:2)
  An orc (D:3)
  3 bats
  2 giant cockroaches
  2 goblins (D:1)
  A hobgoblin (D:2)
  3 jackals (D:2)
  6 kobolds
  A quokka (D:2)
  2 ball pythons (D:2)
  4 frilled lizards
  2 rats
37 creatures vanquished.

Notes
Turn   | Place    | Note
-------+----------+-------------------------------------------
     0 | D:1      | lessens the Mummy Arcane Marksman began the quest for the
                  | Orb.
     0 | D:1      | Reached XP level 1. HP: 15/15 MP: 2/2
   212 | D:1      | Reached skill level 2 in Bows
   356 | D:1      | Reached XP level 2. HP: 21/21 MP: 2/4
   669 | D:1      | Found a glowing golden altar of the Shining One.
   887 | D:2      | Learned a level 2 spell: Slow
   901 | D:2      | Reached XP level 3. HP: 19/26 MP: 2/5
  1010 | D:2      | Reached skill level 3 in Bows
  2603 | D:3      | Reached XP level 4. HP: 18/32 MP: 6/6
  3844 | D:3      | Reached skill level 4 in Bows
  3845 | D:3      | Slain by an orc

Illustrated notes

Levels and vault maps discovered:
D:1:      saegor_arrival_miasma, layout_loops_ring, tso_altar
D:2:      layout_basic
D:3:      layout_basic

Skill      XL: |  1  2  3  4 |
---------------+-------------+-----
Bows           | 2 3 4 |  4.0
Fighting       | |  1.0
Dodging        | |  1.5
Spellcasting   | |  1.3
Hexes          | |  2.6

Action                   |  1- 3 |  4- 6 || total
-------------------------+-------+-------++-------
Melee: Dagger            |   102 |    69 ||   171
 Fire: Shortbow          |    35 |     4 ||    39
Throw: Stone             |    12 |       ||    12
       Dart              |       |    39 ||    39
 Cast: Corona            |    32 |       ||    32
Armor: Robe              |    31 |     5 ||    36
Dodge: Dodged            |   102 |    30 ||   132

Table legend: (Time is in decaauts)
 A = Elapsed time spent in this place.
 B = Non-inter-level travel time spent in this place.
 C = Inter-level travel time spent in this place.
 D = Time resting spent in this place.
 E = Time spent auto-exploring this place.
 F = Levels seen in this place.
 G = Mean time per level.
                   A        B        C        D        E       F      G
               +--------+--------+--------+--------+--------+-----+--------+
         Total |   3848 |   3771 |     77 |   1413 |   1766 |   3 | 1282.7 |
       Dungeon |   3848 |   3771 |     77 |   1413 |   1766 |   3 | 1282.7 |
               +--------+--------+--------+--------+--------+-----+--------+

Top non-repeatable levels by time:
     D:2: 2458 daAuts
     D:1: 766 daAuts
     D:3: 624 daAuts
